 Dungeon Crawl Stone Soup version 0.31-a0-986-g5e6e4ef867 (webtiles) character file.

Game seed: 17603244577016665271

18 avis the Changeling (level 2, 13/13 HPs)
             Began as a Felid Shapeshifter on Nov 23, 2023.
             Got out of the dungeon alive.
             The game lasted 00:02:01 (184 turns).

avis the Changeling (Felid Shapeshifter)             Turns: 184, Time: 00:02:02

Health: 13/13      AC:  1    Str: 10    XL:     2   Next: 48%
Magic:  3/3        EV: 17    Int: 11    God:
Gold:   12         SH:  0    Dex: 15    Spells: 1/1 levels left
                                        Lives:  0   Deaths: 1

rFire   . .          .
                       - Unarmed
rCold   . . .        (shield unavailable)
rNeg    . . .        (body armour unavailable)
rPois   .            (helmet unavailable)
rElec   .            (cloak unavailable)
rCorr   .            (gloves unavailable)
SInv    +            (boots unavailable)
Will    .....        (no amulet)
Stlth   +            (no ring)
HPRegen 0.22/turn    (no ring)
MPRegen 0.08/turn

%: no passive effects
@: beast-form, quick
A: beast (slay +2), very small, claws 1, fangs 3, see invisible, speed 1, shaggy
fur 1, stealthy paws, no weapons or thrown items, no armour, multi-lived
a: Begin Untransformation


You escaped.
You were a hulking beast.
You visited 1 branch of the dungeon, and saw 1 of its levels.

You collected 12 gold pieces.

Inventory:

Talismans
 b - a beast talisman
 c - a flux talisman
Potions
 a - a potion of lignification


   Skills:
 * Level 2.1 Fighting
 - Level 3.0 Dodging
 - Level 3.0 Unarmed Combat
 - Level 3.5 Shapeshifting


You had one spell level left.
You didn't know any spells.
Your spell library was empty.

Dungeon Overview and Level Annotations

Branches:
Dungeon (1/15)

Altars:


Innate Abilities, Weirdness & Mutations

You are a hulking beast.
Your limbs bulge with bestial killing power. (Slay +2)
You have sharp claws.
You have razor-sharp teeth.
You have supernaturally acute eyesight. (SInv)
You cover ground quickly. (Speed+)
You are covered in fur. (AC +1)
Your paws help you pounce on unaware monsters.
You are incapable of wielding weapons or throwing items.
You cannot wear armour.
You gain extra lives every three experience levels.


Message History

The gnoll hits you with a +0 flail!
Ouch! That really hurt!
You die...
Your shape twists and changes as you die.
You rejoin the land of the living...
Found a stone staircase leading down.
A rat comes into view.
You scratch the rat.
You kill the rat!
A ball python comes into view.
The ball python hisses angrily.
You scratch the gnoll. You bite the gnoll!
The gnoll is severely wounded.
The gnoll closely misses you.
You scratch the gnoll.
You kill the gnoll!
Training target 2.0 for Fighting reached!
Your Fighting skill increases to level 2!
You need to enable at least one skill for training.
Training target 3.0 for Dodging reached!
Your Dodging skill increases to level 3!
You need to enable at least one skill for training.
You have reached level 2!
You barely miss the ball python. Your bite misses the ball python.
The ball python completely misses you. The ball python grabs you.
The ball python constricts you.
You barely miss the ball python. The ball python misses you.
The ball python constricts you.
You scratch the ball python.
You kill the ball python!
A goblin comes into view. It is wielding a +0 dagger.
The goblin shouts!
You see here 12 gold pieces.
You now have 12 gold pieces.
You claw the goblin!
You kill the goblin!
You see here the felid corpse of avis.
There is an open door here.
There is a staircase leading out of the dungeon here.
You have escaped!

......................##.####
.........#######'#######.#
#....#.### #.........# #.#
#......# ##.........###.#
......... #8.........8##.#
#...##..# #...8...8...##.#
........# #8.........8##..
......... ##.........##
####8h8#### #####


There were no monsters in sight!

Vanquished Creatures
  A gnoll (D:1)
  2 ball pythons (D:1)
  An endoplasm (D:1)
  A giant cockroach (D:1)
  A hobgoblin (D:1)
  A goblin (D:1)
  A rat (D:1)
8 creatures vanquished.

Notes
Turn   | Place    | Note
-------+----------+-------------------------------------------
     0 | D:1      | avis the Felid Shapeshifter began the quest for the Orb.
     0 | D:1      | Reached XP level 1. HP: 9/9 MP: 2/2
   106 | D:1      | Found a faded altar of an unknown god.
   109 | D:1      | Slain by a gnoll
   128 | D:1      | Reached XP level 2. HP: 13/13 MP: 3/3
   184 | D:$      | Got out of the dungeon alive.

Illustrated notes

Levels and vault maps discovered:
D:1:      mrwooster_arrival_statue_3, layout_basic,
          dreamdust_ecumenical_altar_statues, minmay_vboxes

Skill      XL: |  1 |
---------------+----+-----
Fighting       | 2 |  2.1
Dodging        | 3 |  3.0
Unarmed Combat | |  3.0
Shapeshifting  | |  3.5

Action                     || total
---------------------------++-------
  Melee: Unarmed           ||    13
         Bite              ||     2
         Punch             ||     1
   Stab: Sleeping          ||     1
 Armour: Skin              ||     1
  Dodge: Dodged            ||     4

Table legend: (Time is in decaauts)
 A = Elapsed time spent in this place.
 B = Non-inter-level travel time spent in this place.
 C = Inter-level travel time spent in this place.
 D = Time resting spent in this place.
 E = Time spent auto-exploring this place.
 F = Levels seen in this place.
 G = Mean time per level.
                   A        B        C        D        E       F      G
               +--------+--------+--------+--------+--------+-----+--------+
         Total |    149 |    114 |     35 |      0 |     75 |   1 |  149.0 |
       Dungeon |    149 |    114 |     35 |      0 |     75 |   1 |  149.0 |
               +--------+--------+--------+--------+--------+-----+--------+

Top non-repeatable levels by time:
     D:1: 149 daAuts
